 Dungeon Crawl Stone Soup version 0.29-a0-472-ge5599a681e (webtiles) character file.

Game seed: 6049921225809918262

215 greenreed the Poker (level 5, 0/47 HPs)
             Began as a Hill Orc Monk on May 22, 2022.
             Slain by an orc wizard
             ... wielding a +0 dagger
              (1 damage)
             ... on level 4 of the Dungeon.
             The game lasted 00:07:11 (4256 turns).

greenreed the Poker (Hill Orc Monk)                 Turns: 4256, Time: 00:07:11

Health: 0/47       AC:  7    Str: 16    XL:     5   Next: 92%
Magic:  5/5        EV: 11    Int: 10    God:
Gold:   125        SH:  0    Dex: 19    Spells: 4/4 levels left

rFire   . . .      SeeInvis .   a - +0 spear
rCold   + . .      Faith    .   (no shield)
rNeg    . . .      Spirit   .   h - +1 scale mail {rC+}
rPois   .          Reflect  .   (no helmet)
rElec   .          Harm     .   (no cloak)
rCorr   .          Rampage  .   (no gloves)
Will    .....                   (no boots)
Stlth   +.........              (no amulet)
HPRegen 0.15/turn               q - +6 ring of dexterity
MPRegen 0.09/turn               (no ring)

@: studying Armour
A: no striking features
a: no special abilities


You were on level 4 of the Dungeon.
You visited 1 branch of the dungeon, and saw 4 of its levels.

You collected 125 gold pieces.

Inventory:

Hand Weapons
 a - a +0 spear (weapon)
Armour
 b - a +0 robe
 e - a +0 tower shield
 h - a +1 scale mail of cold resistance (worn)
Jewellery
 q - a +6 ring of dexterity (left hand)
Wands
 s - a wand of paralysis (1)
 v - a wand of iceblast (9)
Scrolls
 d - 3 scrolls of magic mapping {unknown}
 f - 4 scrolls of immolation {unknown}
 g - 5 scrolls of identify {unknown}
 i - 4 scrolls of teleportation {unknown}
 u - 3 scrolls of fear {unknown}
Potions
 c - a potion of ambrosia
 j - 3 potions of curing
 k - 2 potions of heal wounds {unknown}
 l - a potion of attraction {unknown}
 m - a potion of lignification {unknown}
 n - a potion of mutation {unknown}
 o - a potion of degeneration {unknown}
 p - a potion of magic {unknown}
 r - a potion of invisibility {unknown}
 t - a potion of resistance {unknown}


   Skills:
 + Level 4.5 Fighting
 + Level 5.3 Polearms
 + Level 2.5 Armour
 + Level 2.9 Dodging
 + Level 1.8 Stealth


You had 4 spell levels left.
You didn't know any spells.
Your spell library contained the following spells:

 Spells                   Type           Power      Damage    Failure   Level
 Summon Guardian Golem    Hex/Summ       0%         N/A       99%         3
 Summon Lightning Spire   Summ/Air       0%         N/A       100%        4
 Orb of Destruction       Conj           0%         9d5       100%        7
 Spellforged Servitor     Conj/Summ      0%         N/A       100%        7
 Storm Form               Tmut/Air       0%         N/A       100%        7
 Maxwell's Capacitive Co  Air            0%         ∞         100%        8


Dungeon Overview and Level Annotations

Branches:
Dungeon (4/15)
 Temple: D:4-7

Altars:


Message History

Something tries to affect you, but you resist.
You closely miss something.
You hear some strange, mumbled words.
A puff of flame appears from out of thin air!
The puff of flame hits you!
* * * LOW HITPOINT WARNING * * *
You hit something. You closely miss something.
Something hits you but does no damage.
You miss something. Something hits you.
* * * LOW HITPOINT WARNING * * *
You closely miss something. Something hits you.
* * * LOW HITPOINT WARNING * * *
You closely miss something.
You hear some strange, mumbled words.
You are confused.
You bump into the rock wall.
Something hits you but does no damage.
You're too confused to move!
Something hits you but does no damage.
You're too confused to move!
Something hits you but does no damage.
You bump into the rock wall.
Something hits you but does no damage.
You miss something. Something hits you.
* * * LOW HITPOINT WARNING * * *
You completely miss something.
You feel less confused.
You hear some strange, mumbled words.
You are confused.
You're too confused to move!
Something hits you.
* * * LOW HITPOINT WARNING * * *
You closely miss something.
You bump into the rock wall.
Something hits you.
* * * LOW HITPOINT WARNING * * *
You bump into the rock wall.
Something hits you but does no damage.
You bump into the rock wall.
You hear some strange, mumbled words.
A magic dart appears from out of thin air!
The magic dart hits you.
* * * LOW HITPOINT WARNING * * *
You bump into the rock wall.
You feel less confused. Something hits you.
You die...

###.###....#..#.#####....#
#......<....>............#
#.............)..........+
#...........#.###..##....#
#.....#.#...#......##....#
###+#.#.#................###
#.....#.###............. #
###.###.# #.####.##..##
#.###....@# #.# #.# .#
#.......{####.# #.#
#.............# #.#
#........#########.###
###...#(## #........#
......#)### ##.###.#.#
####+###...# #.#.#
#.[......#.# #.# #
........#.### #.#


There were no monsters in sight!

Vanquished Creatures
  Ijyb (D:3)
  Natasha (D:2)
  An orc wizard (D:3)
  4 gnolls
  3 adders
  8 orcs
  6 endoplasms
  4 giant cockroaches
  4 goblins
  6 hobgoblins
  3 jackals (D:2)
  2 quokkas
  5 ball pythons
  7 bats
  4 frilled lizards
  4 kobolds
  3 rats
66 creatures vanquished.

Notes
Turn   | Place    | Note
-------+----------+-------------------------------------------
     0 | D:1      | greenreed the Hill Orc Monk began the quest for the Orb.
     0 | D:1      | Reached XP level 1. HP: 19/19 MP: 1/1
   297 | D:1      | Reached XP level 2. HP: 26/27 MP: 2/2
   355 | D:1      | Found a faded altar of an unknown god.
  1073 | D:2      | Reached XP level 3. HP: 15/33 MP: 3/3
  1690 | D:2      | Reached skill level 4 in Polearms
  1707 | D:2      | Noticed Natasha
  1721 | D:2      | Killed Natasha
  1722 | D:2      | Reached skill level 1 in Armour
  1722 | D:2      | Reached XP level 4. HP: 16/40 MP: 4/4
  2320 | D:3      | Noticed Ijyb
  2470 | D:3      | Paralysed by Ijyb for 2 turns
  2490 | D:3      | Paralysed by Ijyb for 2 turns
  2495 | D:3      | Paralysed by Ijyb for 4 turns
  2504 | D:3      | Killed Ijyb
  2825 | D:3      | Reached XP level 5. HP: 40/47 MP: 5/5
  3651 | D:3      | Reached skill level 5 in Polearms
  4253 | D:4      | HP: 2/47 [something (3)]
  4256 | D:4      | Slain by an orc wizard

Illustrated notes

Levels and vault maps discovered:
D:1:      dpeg_arrival_more_subterranean_lakeside_camping, layout_basic,
          shapermc_ecumenical_altar_venn, minmay_misc_feat_enclosed
D:2:      layout_basic, minmay_fractal_squares_gapless_5, uniq_natasha
D:3:      layout_rooms, uniq_ijyb
D:4:      layout_basic

Skill      XL: |  1  2  3  4  5 |
---------------+----------------+-----
Fighting       | 4 |  4.5
Polearms       | 4 5 |  5.3
Armour         | 1 2 |  2.5
Dodging        | |  2.9
Stealth        | |  1.8

Action                   |  1- 3 |  4- 6 || total
-------------------------+-------+-------++-------
Melee: Spear             |   126 |   261 ||   387
 Stab: Sleeping          |     1 |       ||     1
Armor: Scale mail        |    34 |    84 ||   118
Dodge: Dodged            |    39 |    99 ||   138

Table legend: (Time is in decaauts)
 A = Elapsed time spent in this place.
 B = Non-inter-level travel time spent in this place.
 C = Inter-level travel time spent in this place.
 D = Time resting spent in this place.
 E = Time spent auto-exploring this place.
 F = Levels seen in this place.
 G = Mean time per level.
                   A        B        C        D        E       F      G
               +--------+--------+--------+--------+--------+-----+--------+
         Total |   4223 |   4101 |    122 |    645 |   2820 |   4 | 1055.8 |
       Dungeon |   4223 |   4101 |    122 |    645 |   2820 |   4 | 1055.8 |
               +--------+--------+--------+--------+--------+-----+--------+

Top non-repeatable levels by time:
     D:2: 1494 daAuts
     D:3: 1441 daAuts
     D:1: 1027 daAuts
     D:4: 259 daAuts
